 Dungeon Crawl Stone Soup version 0.31-a0-662-g684573625c (webtiles) character file.

Game seed: 257313677505016207

77 cforsyth the Trooper (level 4, -2/37 HPs)
             Began as a Djinni Cinder Acolyte on Sept 1, 2023.
             Was a High Priest of Ignis.
             Slain by Grinder (7 damage)
             ... on level 3 of the Dungeon.
             The game lasted 00:04:05 (2530 turns).

cforsyth the Trooper (Djinni Cinder Acolyte)        Turns: 2530, Time: 00:04:06

Health: -2/37      AC:  7    Str: 11 (13) XL:     4   Next: 58%
Gold:   37         EV: 10    Int: 18      God:    Ignis [*****.] SH:  0 Dex:  6 (8)

rFire   + + +        a - -1 falchion (flame)
rCold   x . .        (no shield)
rNeg    . . .        o - +2 leather armour of Ignis's Displeasure {Harm}
rPois   ∞            h - +0 helmet
rElec   .            n - +0 cloak
rCorr   .            (no gloves)
SInv    .            (boots unavailable)
Will    .....        (no amulet)
Stlth   +            (no ring)
HPRegen 0.26/turn    (no ring)
MPRegen 0.00/turn

%: harm (+30% outgoing, +20% incoming), infuse magic (-3 HP)
@: flying
A: sickness immunity, fire resistance 2, cold vulnerability 1, float, innate
caster, HP casting, extra vitality 1
a: Renounce Religion, Fiery Armour, Foxfire Swarm, Rising Flame


You were on level 3 of the Dungeon.
You worshipped Ignis.
Ignis was extremely pleased with you.
You visited 1 branch of the dungeon, and saw 3 of its levels.

You collected 205 gold pieces.
You spent 168 gold pieces at shops.

Inventory:

Hand Weapons
 a - a -1 falchion of flaming (weapon)
Armour
 b - a +0 robe
 h - a +0 helmet (worn)
 n - a +0 cloak (worn)
 o - the +2 leather armour of Ignis's Displeasure (worn) {Harm}
   (You bought it in a shop on level 3 of the Dungeon)

   Harm:      It increases damage dealt and taken.
Jewellery
 i - an amulet of regeneration
 l - a ring of resist corrosion
Scrolls
 e - a scroll of identify {unknown}
 f - a scroll of revelation {unknown}
 g - a scroll of poison {unknown}
 j - 2 scrolls of teleportation {unknown}
 k - a scroll of vulnerability {unknown}
Potions
 c - 2 potions of curing {unknown}
 d - 2 potions of ambrosia {unknown}
 m - a potion of berserk rage {unknown}


   Skills:
 + Level 4.1 Fighting
 - Level 2.6 Long Blades
 + Level 3.1 Spellcasting
 + Level 3.1 Conjurations
 + Level 3.1 Hexes
 + Level 3.1 Summonings
 + Level 3.1 Necromancy
 + Level 3.1 Translocations
 + Level 3.1 Transmutations
 + Level 3.1 Fire Magic
 + Level 3.1 Ice Magic
 + Level 3.1 Air Magic
 + Level 3.1 Earth Magic
 + Level 3.1 Poison Magic


You knew the following spells:

 Your Spells              Type           Power      Damage    Failure   Level
a - Scorch                Fire           28%        2d6       9%          2
b - Sting                 Tmut/Pois      56%        1d5       6%          1
Your spell library was empty.

Dungeon Overview and Level Annotations

Branches:
Dungeon (3/15)

Altars:

Shops:
D:3 **[

Annotations:
D:3 Grinder


Innate Abilities, Weirdness & Mutations

You are immune to sickness and miasma.
You are immune to poison.
Your flesh is very heat resistant. (rF++)
You are vulnerable to cold. (rC-)
You float through the air rather than walking.
You learn spells naturally, not from books.
Your magical power is your life essence.
You have superior vitality. (+4 MHP)


Message History

You start putting on your armour.
You continue putting on the +2 leather armour of Ignis's Displeasure {Harm}. x5
You finish putting on the +2 leather armour of Ignis's Displeasure {Harm}.
Grinder is nearby!
Grinder is nearby!
Grinder is nearby!
Grinder is nearby!
You closely miss Grinder. Grinder hits you.
You writhe in agony.
Casting: Scorch (safe; 9% risk of failure)
Confirm with . or Enter, or press ? or * to list all spells.
Flames lash Grinder.
Grinder is moderately wounded.
Grinder's fire resistance burns away.
Grinder hits you but does no damage.
You hit Grinder but do no damage.
Grinder is moderately wounded.
Grinder hits you.
You writhe in agony.
Grinder gestures at you.
You barely resist. You closely miss Grinder.
Grinder is moderately wounded.
Grinder hits you!
You are too injured to fight recklessly!
You barely miss Grinder.
Grinder is moderately wounded.
Grinder hits you but does no damage.
You closely miss Grinder.
Grinder is moderately wounded.
Grinder is no longer more vulnerable to fire.
Grinder hits you but does no damage.
Casting: Scorch (safe; 9% risk of failure)
Confirm with . or Enter, or press ? or * to list all spells.
Flames lash Grinder.
Grinder is heavily wounded.
Grinder's fire resistance burns away.
* * * LOW HITPOINT WARNING * * *
Grinder hits you.
* * * LOW HITPOINT WARNING * * *
You writhe in agony.
You die...
Grinder says, "Now the real fun starts!"

######### ........# .......8#
......#.#### ######
.....85@.8.####### ......
......#.#........# ...... #####
#8#........##### ......
...............'..># ......
#..............###.# ......
#..............###.# ......
#..................# ......
###..............[##.#
#########.........#.######.##.#


You could see Grinder (combustible).

Vanquished Creatures
  2 worms (D:2)
  2 dart slugs (D:3)
  3 bats
  8 endoplasms
  2 giant cockroaches (D:2)
  2 goblins (D:3)
  5 hobgoblins
  10 jackals
  5 kobolds
  3 quokkas
  8 ball pythons
  4 frilled lizards
  5 rats
59 creatures vanquished.

Notes
Turn   | Place    | Note
-------+----------+-------------------------------------------
     0 | D:1      | cforsyth the Djinni Cinder Acolyte began the quest for the
                  | Orb.
     0 | D:1      | cforsyth set off with the following spells memorised:
                  | Scorch.
     0 | D:1      | Reached XP level 1. HP: 20/20 MP: 0/0
   203 | D:1      | Reached XP level 2. HP: 25/25 MP: 0/0
   313 | D:1      | Found a faded altar of an unknown god.
   504 | D:1      | Reached XP level 3. HP: 27/30 MP: 0/0
   504 | D:1      | Learned a level 1 spell: Sting
  1604 | D:3      | Reached XP level 4. HP: 31/37 MP: 0/0
  1886 | D:3      | Reached skill level 4 in Fighting
  1996 | D:3      | Found Tum Ismiub's General Store.
  2166 | D:3      | Found Wiplabaq's General Store.
  2506 | D:3      | Found Mufun's Antique Armour Emporium.
  2512 | D:3      | Noticed Grinder
  2514 | D:3      | Bought a twisted leather armour for 168 gold pieces
  2514 | D:3      | Identified the +2 leather armour of Ignis's Displeasure
                  | {Harm} (You bought it in a shop on level 3 of the Dungeon)
  2530 | D:3      | Slain by Grinder

Illustrated notes

Levels and vault maps discovered:
D:1:      ldierk_walled_garden_2, layout_basic, ebering_ecumenical_altar_webs
D:2:      layout_basic
D:3:      layout_basic, lemuel_blue_sif_altar, serial_shops,
          nicolae_shop_real_fake_doors, nicolae_shop_statue_plus, shop,
          grunt_ministairs_11, wad_floor_pattern_1, st_stairs_8, uniq_grinder

Skill      XL: |  1  2  3  4 |
---------------+-------------+-----
Spellcasting   | 3 |  3.1
Conjurations   | 3 |  3.1
Hexes          | 3 |  3.1
Summonings     | 3 |  3.1
Necromancy     | 3 |  3.1
Translocations | 3 |  3.1
Transmutations | 3 |  3.1
Fire Magic     | 3 |  3.1
Ice Magic      | 3 |  3.1
Air Magic      | 3 |  3.1
Earth Magic    | 3 |  3.1
Poison Magic   | 3 |  3.1
Fighting       | 4 |  4.1
Long Blades    | |  2.6

Action                     |  1- 3 |  4- 6 || total
---------------------------+-------+-------++-------
  Melee: Falchion          |   156 |    78 ||   234
         Punch             |     1 |       ||     1
   Cast: Sting             |     1 |       ||     1
         Scorch            |       |     3 ||     3
    Use: Potion            |     4 |       ||     4
 Armour: Robe              |   108 |    44 ||   152
         Skin              |    22 |       ||    22
         Leather armour    |       |     7 ||     7
  Dodge: Dodged            |   124 |    41 ||   165

Table legend: (Time is in decaauts)
 A = Elapsed time spent in this place.
 B = Non-inter-level travel time spent in this place.
 C = Inter-level travel time spent in this place.
 D = Time resting spent in this place.
 E = Time spent auto-exploring this place.
 F = Levels seen in this place.
 G = Mean time per level.
                   A        B        C        D        E       F      G
               +--------+--------+--------+--------+--------+-----+--------+
         Total |   2568 |   2425 |    143 |     35 |   1865 |   3 |  856.0 |
       Dungeon |   2568 |   2425 |    143 |     35 |   1865 |   3 |  856.0 |
               +--------+--------+--------+--------+--------+-----+--------+

Top non-repeatable levels by time:
     D:3: 945 daAuts
     D:2: 885 daAuts
     D:1: 737 daAuts
